 Dungeon Crawl Stone Soup version 0.31-a0-232-gb1c03b2570 (webtiles) character file.

Game seed: 4109410584020844872

154 qw the Shooter (level 5, -3/41 HPs)
             Began as a Minotaur Hexslinger on July 6, 2023.
             Slain by an orc
             ... wielding a +0 trident
              (7 damage)
             ... on level 3 of the Dungeon.
             The game lasted 00:00:36 (1353 turns).

qw the Shooter (Minotaur Hexslinger)                Turns: 1353, Time: 00:00:37

Health: -3/41      AC:  7    Str: 13    XL:     5   Next: 13%
Magic:  5/5        EV: 11    Int: 10    God:
Gold:   118        SH:  0    Dex: 14    Spells: 5/6 levels left

rFire   . . .        Y - +1 sling
rCold   . . .        (no shield)
rNeg    . . .        a - +0 ring mail
rPois   .            (helmet restricted)
rElec   .            e - +0 cloak
rCorr   .            f - +0 pair of gloves
SInv    .            (no boots)
Will    .....        (no amulet)
Stlth   +            (no ring)
HPRegen 0.26/turn    (no ring)
MPRegen 0.09/turn

%: no passive effects
@: no status effects
A: horns 2, retaliatory headbutt
a: no special abilities


You were on level 3 of the Dungeon.
You visited 1 branch of the dungeon, and saw 3 of its levels.

You collected 118 gold pieces.


Innate Abilities, Weirdness & Mutations

You have a pair of horns on your head.
You reflexively headbutt those who attack you in melee.


   Skills:
 - Level 2.0 Fighting
 + Level 4.9 Ranged Weapons
 - Level 2.9 Armour
 - Level 2.1 Dodging
 - Level 1.0 Spellcasting
 - Level 2.0 Hexes


You had 5 spell levels left.
You knew the following spells:

 Your Spells              Type           Power      Damage    Failure   Level
a - Slow                  Hex            16%        N/A       30%         1

Your spell library contained the following spells:

 Spells                   Type           Power      Damage    Failure   Level
 Inner Flame              Hex/Fire       2%         N/A       80%         3
 Portal Projectile        Hex/Tloc       4%         N/A       80%         3
 Cause Fear               Hex            2%         N/A       97%         4

Inventory:

Hand Weapons
 Y - a +1 sling (weapon)
Armour
 a - a +0 ring mail (worn)
 e - a +0 cloak (worn)
 f - a +0 pair of gloves (worn)
Scrolls
 b - a scroll of fog {unknown}
 h - 2 scrolls of identify

Dungeon Overview and Level Annotations

Branches:
Dungeon (3/15)

Altars:
Dithmenos


Message History

The sling bullet closely misses the orc wizard.
The orc wizard hits you with a +0 dagger.
The orc barely misses you.
You shoot a sling bullet. The sling bullet hits the orc wizard.
The orc wizard is heavily wounded.
The orc wizard misses you. You furiously retaliate!
You headbutt the orc wizard!
You kill the orc wizard!
The orc barely misses you.
The orc hits you from afar with a +0 trident.
You have reached level 5!
You shoot a sling bullet. The sling bullet hits the orc!
You kill the orc!
1347 ||| FLEEEEING.
1348 ||| FLEEEEING.
The orc priest shouts!
You hear a shout!
An orc comes into view. It is wielding a +0 trident.
You shoot a sling bullet.
The sling bullet hits the orc but does no damage.
The orc hits you with a +0 short sword.
You shoot a sling bullet.
The sling bullet closely misses the orc.
The sling bullet hits the orc priest.
The orc priest is lightly wounded.
The orc priest calls down the wrath of Beogh upon you.
Beogh smites you! The orc hits you with a +0 short sword.
The orc priest calls down the wrath of Beogh upon you.
Beogh smites you!
You shoot a sling bullet. The sling bullet hits the orc.
The orc is heavily wounded.
The orc closely misses you.
You shoot a sling bullet. The sling bullet barely misses the orc.
The sling bullet hits the orc.
The orc is moderately wounded.
The orc priest closely misses you. The orc barely misses you. x2
You shoot a sling bullet.
The sling bullet closely misses the orc.
The sling bullet barely misses the orc.
The orc priest closely misses you. The orc hits you with a +0 short sword.
The orc hits you from afar with a +0 trident!
You die...

###############
##..........@..#####
##...........oo.....+
####...#........o#)#####
.....#.#...........)..ooo#
.###.#.##.#.###....#####.#
.#..>......).........
.########%###.#..#..##
.##.......#......#...#
.......####.##.#.....#


You could see an orc priest and 2 orcs.

Vanquished Creatures
  A scorpion (D:3)
  An orc wizard (D:3)
  2 adders
  A worm (D:2)
  2 orcs (D:3)
  4 ball pythons
  6 endoplasms
  A giant cockroach (D:1)
  3 goblins
  4 hobgoblins
  5 jackals (D:1)
  2 quokkas (D:1)
  4 bats
  3 frilled lizards
  3 kobolds
  7 rats
49 creatures vanquished.

Notes
Turn   | Place    | Note
-------+----------+-------------------------------------------
     0 | D:1      | qw the Minotaur Hexslinger began the quest for the Orb.
     0 | D:1      | Reached XP level 1. HP: 16/16 MP: 1/1
     0 | D:1      | 0 ||| qw: Version: 0.3-a-46-gb1f654a
     0 | D:1      | 0 ||| qw: Game counter: 1945
     0 | D:1      | 0 ||| qw: Melee chars always use a shield: true
     0 | D:1      | 0 ||| qw: God list: Okawaru
     0 | D:1      | 0 ||| qw: Allow faded altars: false
     0 | D:1      | 0 ||| qw: Do Orc after clearing Dungeon:15 true
     0 | D:1      | 0 ||| qw: Do second Lair branch before Depths: true
     0 | D:1      | 0 ||| qw: Lair rune preference: random
     0 | D:1      | 0 ||| qw: Goals: Normal
     0 | D:1      | 0 ||| PLANNING D:1-11
   104 | D:1      | Reached skill level 3 in Ranged Weapons
   105 | D:1      | Reached XP level 2. HP: 21/23 MP: 2/2
   337 | D:1      | Reached XP level 3. HP: 29/29 MP: 3/3
   490 | D:1      | 490 ||| UPGRADING to +0 cloak.
   495 | D:1      | 495 ||| UPGRADING to +0 pair of gloves.
   500 | D:1      | 500 ||| READING scroll labelled MECVAD VISUETZ.
   505 | D:1      | 505 ||| READING 3 scrolls labelled MUSUUCS LEOSAYFE.
   506 | D:1      | 506 ||| READING 2 scrolls of identify.
   506 | D:1      | 506 ||| IDENTIFYING orange potion
   507 | D:1      | 507 ||| DROPPING scroll of poison.
   508 | D:1      | 508 ||| DROPPING potion of degeneration.
   796 | D:2      | Reached skill level 4 in Ranged Weapons
   893 | D:2      | Found the +6 lightning scales {swift, rElec}
  1125 | D:2      | 1125 ||| UPGRADING to +0 ring mail.
  1135 | D:2      | 1135 ||| DROPPING +0 robe.
  1136 | D:2      | 1136 ||| READING scroll labelled TOSSECL WEVO.
  1137 | D:2      | 1137 ||| READING 3 scrolls of identify.
  1137 | D:2      | 1137 ||| IDENTIFYING bubbling silvery potion
  1138 | D:2      | 1138 ||| READING 2 scrolls of identify.
  1138 | D:2      | 1138 ||| IDENTIFYING smoky grey potion
  1139 | D:2      | 1139 ||| DROPPING potion of lignification.
  1140 | D:2      | 1140 ||| DROPPING potion of ambrosia.
  1199 | D:3      | Noticed a scorpion
  1209 | D:3      | Killed a scorpion
  1210 | D:3      | Reached XP level 4. HP: 24/36 MP: 4/4
  1282 | D:3      | Found a shadowy altar of Dithmenos.
  1338 | D:3      | 1338 ||| Stepping ~*~*~tactically~*~*~ (outnumbered).
  1346 | D:3      | Reached XP level 5. HP: 34/41 MP: 5/5
  1347 | D:3      | 1347 ||| FLEEEEING.
  1348 | D:3      | 1348 ||| FLEEEEING.
  1350 | D:3      | HP: 5/41 [orc priest/divine providence (12)]
  1353 | D:3      | Slain by an orc

Levels and vault maps discovered:
D:1:      ncdulo_wetmaze, layout_rooms, minmay_tetromino_o4
D:2:      layout_rooms, serial_rivers, chequers_serial_rivers_micro_e,
          chequers_serial_rivers_small_3, chequers_serial_rivers_small_3,
          chequers_serial_rivers_small_b, chequers_serial_rivers_small_b,
          chequers_serial_rivers_marsh, minivault_19, kennysheep_minor_cross,
          chequers_arboretum
D:3:      layout_basic, mainiacjoe_overflow_alcove_2, corner_web_ring,
          uniq_sigmund

Skill      XL: |  1  2  3 |
---------------+----------+-----
Ranged Weapons | 3 4 |  4.9
Fighting       | 2 |  2.0
Armour         | 2 |  2.9
Dodging        | |  2.1
Spellcasting   | |  1.0
Hexes          | |  2.0

Action                     |  1- 3 |  4- 6 || total
---------------------------+-------+-------++-------
   Fire: Sling             |   110 |    28 ||   138
    Use: Scroll            |     6 |       ||     6
 Armour: Robe              |    11 |       ||    11
         Ring mail         |     1 |     3 ||     4
  Dodge: Dodged            |    29 |    12 ||    41

Table legend:
 A = Non-vault XP
 B = Vault XP
 C = Vault XP percentage of total XP
 D = Non-vault monster count
 E = Vault monster count
 F = Vault count percentage of total count
                 A         B        C        D         E       F
            +---------+---------+-------+---------+---------+-------
      Total |     215 |       5 |   2.3 |      46 |       3 |   6.1
            +---------+---------+-------+---------+---------+-------
        D:1 |      44 |       5 |  10.2 |      27 |       3 |  10.0
        D:2 |      33 |       0 |   0.0 |      10 |       0 |   0.0
        D:3 |     138 |       0 |   0.0 |       9 |       0 |   0.0
            +---------+---------+-------+---------+---------+-------
